 Dungeon Crawl Stone Soup version 0.29.1-13-g9f3cf754e1 (webtiles) character file.

Game seed: 4723242159583562543

119899 croobank the Brawler (level 16, -5/126 HPs)
             Began as a Gnoll Wanderer on Jan 30, 2023.
             Was an Initiate of Gozag.
             Slain by a +2 dire flail of venom (19 damage)
             ... on level 1 of the Elven Halls on Jan 31, 2023.
             The game lasted 02:13:44 (30491 turns).

croobank the Brawler (Gnoll Wanderer)              Turns: 30491, Time: 02:13:45

Health: -5/126     AC: 36    Str: 20    XL:     16   Next: 80%
Magic:  31/31      EV:  5    Int: 11    God:    Gozag
Gold:   4383       SH: 16    Dex: 12    Spells: 27/38 levels left

rFire   + . .      SeeInvis +   C - +1 demon whip (venom)
rCold   . . .      Faith    .   N - +5 kite shield
rNeg    . . .      Spirit   .   k - +4 crystal plate armour of Resourcefulness {Slay+6}
rPois   +          Reflect  .   O - +1 helmet
rElec   +          Harm     .   n - +2 cloak {Will+}
rCorr   +          Rampage  .   D - +0 pair of gloves
Will    +++..                   c - +2 pair of boots {Fly}
Stlth   ..........              r - amulet "Kybbuoso" {Regen+ rCorr Str+5 Int-5 Slay+5}
HPRegen 1.11/turn               t - ring of see invisible
MPRegen 0.22/turn               T - ring "Qabloge" {rElec rPois rF+ Will+ Slay+2}

@: lethally poisoned (-5 -> -12), flying
A: fangs 1, strong nose, distributed training
a: Renounce Religion, Potion Petition, Call Merchant, Bribe Branch


You were on level 1 of the Elven Halls.
You worshipped Gozag.
Gozag was most pleased with you.
You visited 5 branches of the dungeon, and saw 24 of its levels.
You also visited: Bailey and Gauntlet.

You collected 8677 gold pieces.
You spent 3315 gold pieces at shops.
You paid 979 gold pieces to Gozag.

Inventory:

Hand Weapons
 j - the +3 shortbow "Qoliz" {vorpal, Str+7}
   (You found it in a Gauntlet)

   Any ammunition fired from it inflicts extra damage upon your enemies.
   Str:       It affects your strength (+7).
 w - a +6 scimitar of flaming
 C - a +1 demon whip of venom (weapon)
 K - the +6 spear of Ru's Benevolence {freeze, Fly rC+ Str+3 Stlth+}
   (You found it on level 9 of the Dungeon)

   It freezes those it strikes, dealing additional cold damage.
   It can also slow down cold-blooded creatures.
   Str:       It affects your strength (+3).
   rC:        It protects you from cold.
   Fly:       It grants you flight.
   Stlth:     It makes you more stealthy.
Missiles
 h - 2 throwing nets (quivered)
 x - 9 silver javelins
 P - 5 atropa-tipped darts
 S - 3 datura-tipped darts
Armour
 c - a +2 pair of boots of flying (worn)
 k - the +4 crystal plate armour of Resourcefulness (worn) {Slay+6}
   (You acquired it in a bailey)

   Slay:      It affects your accuracy & damage with ranged weapons and melee
   (+6).
 n - a +2 cloak of willpower (worn)
 D - a +0 pair of gloves (worn)
 N - a +5 kite shield (worn)
 O - a +1 helmet (worn)
 R - the +0 pair of boots "Soakex" {rElec rF- rN++ Int+2}
   (You found it on level 8 of the Dungeon)

   Int:       It affects your intelligence (+2).
   rF:        It makes you vulnerable to fire.
   rElec:     It insulates you from electricity.
   rN:        It greatly protects you from negative energy.
Jewellery
 f - the ring of the Uplifting Madman {EV+4 Str+3}
   (You acquired it on level 4 of the Dungeon)

   [ring of evasion]

   EV:        It affects your evasion (+4).
   Str:       It affects your strength (+3).
 r - the amulet "Kybbuoso" (around neck) {Regen+ rCorr Str+5 Int-5 Slay+5}
   (You acquired it on level 9 of the Dungeon)

   [amulet of regeneration]

   Str:       It affects your strength (+5).
   Int:       It affects your intelligence (-5).
   Slay:      It affects your accuracy & damage with ranged weapons and melee
   (+5).
   Regen:     It increases your rate of health regeneration.
   rCorr:     It protects you from acid and corrosion.
 t - a ring of see invisible (left hand)
 u - a ring of positive energy
 E - a +6 ring of dexterity
 H - the ring "Epsejia" {rN+ Str+7 Int+4 Dex-3}
   (You acquired it on level 14 of the Dungeon)

   [ring of positive energy]

   Str:       It affects your strength (+7).
   Int:       It affects your intelligence (+4).
   Dex:       It affects your dexterity (-3).
   rN:        It protects you from negative energy.
 L - a +4 ring of slaying
 T - the ring "Qabloge" (right hand) {rElec rPois rF+ Will+ Slay+2}
   (You bought it in a shop on level 2 of the Orcish Mines)

   [ring of protection from fire]

   Slay:      It affects your accuracy & damage with ranged weapons and melee
   (+2).
   rF:        It protects you from fire.
   rElec:     It insulates you from electricity.
   rPois:     It protects you from poison.
   Will:      It increases your willpower.
 U - a ring of poison resistance
 V - a ring of flight
Wands
 i - a wand of digging (3)
 m - a wand of charming (12)
 z - a wand of flame (2)
 B - a wand of mindburst (10)
 I - a wand of quicksilver (3)
 J - a wand of iceblast (24)
Scrolls
 b - 3 scrolls of blinking
 e - 6 scrolls of vulnerability
 g - 15 scrolls of teleportation
 o - 3 scrolls of silence
 y - 5 scrolls of fear
 A - 7 scrolls of identify
 X - 8 scrolls of immolation
 Z - 2 scrolls of butterflies
Potions
 a - 2 potions of brilliance
 d - 2 potions of might
 l - 8 potions of curing
 p - a potion of haste
 q - a potion of invisibility
 s - 5 potions of mutation
 v - 3 potions of lignification
 F - 3 potions of flight
 M - 2 potions of cancellation
 Q - 4 potions of ambrosia
Miscellaneous
 G - a condenser vane
 W - a box of beasts


   Skills:
 + Level 11.5 Fighting
 + Level 11.5 Short Blades
 + Level 11.5 Long Blades
 + Level 11.5 Axes
 + Level 11.5 Maces & Flails
 + Level 11.5 Polearms
 + Level 11.5 Staves
 + Level 11.5 Ranged Weapons
 + Level 12.4 Throwing
 + Level 11.5 Armour
 + Level 11.5 Dodging
 + Level 11.5 Stealth
 + Level 11.5 Shields
 + Level 15.2 Unarmed Combat
 + Level 11.9 Spellcasting
 + Level 9.7 Conjurations
 + Level 9.7 Hexes
 + Level 9.7 Summonings
 + Level 9.7 Necromancy
 + Level 9.7 Translocations
 + Level 9.7 Transmutations
 + Level 9.7 Fire Magic
 + Level 9.7 Ice Magic
 + Level 9.7 Air Magic
 + Level 9.7 Earth Magic
 + Level 10.5 Poison Magic
 + Level 12.5 Invocations
 + Level 11.5 Evocations


You had 27 spell levels left.
You knew the following spells:

 Your Spells              Type           Power      Damage    Failure   Level
a - Sting                 Tmut/Pois      100%       1d8       28%         1
b - Mephitic Cloud        Conj/Pois/Air  28%        N/A       65%         3
c - Foxfire               Conj/Fire      100%       2x1d9     32%         1
d - Summon Guardian Gole  Hex/Summ       28%        N/A       69%         3
e - Tukima's Dance        Hex            28%        N/A       69%         3

Your spell library contained the following spells:

 Spells                   Type           Power      Damage    Failure   Level
 Freeze                   Ice            100%       1d11      32%         1
 Necrotise                Necr           100%       1d9       32%         1
 Poisonous Vapours        Pois/Air       56%        N/A       41%         2
 Conjure Flame            Conj/Fire      28%        6-21      69%         3
 Dazzling Flash           Conj/Hex       56%        N/A       69%         3
 Frozen Ramparts          Ice            56%        1d9       69%         3
 Inner Flame              Hex/Fire       28%        N/A       69%         3
 Ozocubu's Armour         Ice            28%        N/A       69%         3
 Stone Arrow              Conj/Erth      56%        3d10      69%         3
 Vampiric Draining        Necr           28%        2d8       69%         3
 Anguish                  Hex/Necr       14%        N/A       97%         4
 Animate Armour           Summ/Erth      56%        N/A       97%         4
 Flame Wave               Conj/Fire      28%        2d9       97%         4
 Fulminant Prism          Conj/Hex       14%        3d9       97%         4
 Hailstorm                Conj/Ice       28%        3d8       97%         4
 Iskenderun's Mystic Bla  Conj/Tloc      28%        2d7       97%         4
 Passage of Golubria      Tloc           28%        N/A       97%         4
 Summon Lightning Spire   Summ/Air       28%        N/A       97%         4
 Agony                    Necr           28%        N/A       100%        5
 Alistair's Intoxication  Tmut/Pois      18%        N/A       100%        5
 Borgnjor's Vile Clutch   Necr/Erth      14%        N/A       100%        5
 Fireball                 Conj/Fire      14%        3d8       100%        5
 Iskenderun's Battlesphe  Conj           28%        2d8       100%        5
 Lee's Rapid Deconstruct  Erth           14%        3d10*     100%        5
 Summon Forest            Summ/Tloc      14%        N/A       100%        5
 Yara's Violent Unravell  Hex/Tmut       14%        3d7       100%        5
 Conjure Ball Lightning   Conj/Air       14%        3x3d6     100%        6
 Eringya's Noxious Bog    Tmut/Pois      14%        N/A       100%        6
 Starburst                Conj/Fire      14%        6d6       100%        6
 Enfeeble                 Hex            14%        N/A       100%        7
 Orb of Destruction       Conj           14%        9d7       100%        7
 Ozocubu's Refrigeration  Ice            14%        4d10      100%        7
 Spellforged Servitor     Conj/Summ      14%        N/A       100%        7
 Storm Form               Tmut/Air       14%        N/A       100%        7
 Summon Hydra             Summ           14%        N/A       100%        7
 Lehudib's Crystal Spear  Conj/Erth      14%        10d5      100%        8
 Maxwell's Capacitive Co  Air            14%        ∞         100%        8
 Corpse Rot               Necr/Pois/Air  Unusable   N/A       N/A         4

Dungeon Overview and Level Annotations

Branches:
Dungeon (15/15)            Temple (1/1) D:4            Lair (5/5) D:11
  Swamp (0/4) Lair:2        Snake (0/4) Lair:3        Slime (0/5) Lair:5
    Orc (2/2) D:9             Elf (1/3) Orc:2        Vaults (0/5) D:13
 Depths (0/4) D:15         Bailey (visited)         Gauntlet (visited)

Altars:
Ashenzari
Cheibriados
Dithmenos
Elyvilon
Fedhas
Gozag
Hepliaklqana
Makhleb
Sif Muna
Trog
Vehumet
Wu Jian
Xom
Yredelemnul
Zin
Jiyva

Shops:
D:3 [   D:4 *?   D:9 :   Orc:2 =*[:(

Portals:
Trove: D:12 (give 8 potions of haste)

Annotations:
D:3 1 runed translucent door, Crazy Yiuf
D:10 1 runed translucent door, javelincjr's ghost, journeyman DrAE


Innate Abilities, Weirdness & Mutations

You have very sharp teeth.
Your uncanny sense of smell can sniff out nearby items.
Your experience applies equally to all skills.


Message History

Something smites you!
The +2 dire flail of venom is distracted by your dazzling golden aura.
The +2 dire flail of venom is no longer distracted by gold.
The deep elf archer shoots an arrow.
You block the arrow.
The +2 dire flail of venom is distracted by your dazzling golden aura.
The deep elf archer shoots an arrow.
You block the arrow.
The +2 dire flail of venom is no longer distracted by gold.
The deep elf archer shoots an arrow.
You block the arrow.
The deep elf high priest calls down the wrath of its god upon you.
Something smites you!
The deep elf archer shoots an arrow.
You block the arrow. The +2 dire flail of venom hits you!
You are poisoned.
The deep elf archer points at you and mumbles some strange words.
You resist with almost no effort.
You block the +2 dire flail of venom's attack.
You feel very sick.
The deep elf high priest prays to its god.
The deep elf high priest begins emitting a brilliant aura!
The deep elf archer shoots an arrow.
The arrow hits you but does no damage.
You feel very sick. The +2 dire flail of venom hits you.
You are more poisoned.
The deep elf high priest utters a dark prayer and points at you.
Your life force is offered up.
* * * LOW HITPOINT WARNING * * *
The deep elf archer is healed.
The deep elf archer casts a spell.
The deep elf archer blinks!
The +2 dire flail of venom attacks as you move away!
The +2 dire flail of venom hits you but does no damage.
You are more poisoned.
You feel very sick.
You closely miss the +2 dire flail of venom.
You bite the +2 dire flail of venom, but do no damage.
You feel very sick.
You block the +2 dire flail of venom's attack. x2
You hit the +2 dire flail of venom but do no damage.
You feel very sick. The +2 dire flail of venom hits you!!
You die...
Your body crumbles into a pile of gold.

#.####$# #..#.##..# #.#
##.## ##........#
###.#####$###....###..#
#.......#.............#.
#..#.##.#..............#
#.###.#.#....e........##
.#...#..#.......e....#..
##>..##.#.......(...##..
.#...#..#..[....@....#..
#.###...............[.##
##.#....(..............#
##....#.............##.
#[.......^#####.###.#
#.#######........# .#
#.# #...#.#..# # #.#
#..###...##.# #.#
##.#...#.....#


You could see a deep elf archer (empowered, repels missiles, very poisoned), a
deep elf high priest (brilliance aura) and a +2 dire flail of venom.

Vanquished Creatures
  3 orc warlords
  A cacodemon (Gauntlet)
  A minotaur (Gauntlet)
  A dire elephant (Lair:2)
  Snorg (Lair:5)
  Josephine (Lair:5)
  10 hydras
  A boulder beetle (D:12)
  2 ogre magi
  A death knight (D:15)
  6 centaur warriors
  Erica (D:8)
  A catoblepas (Lair:3)
  3 dancing weapons
  10 two-headed ogres
  A vampire mage (D:15)
  12 death yaks
  A tengu warrior (D:15)
  A titan zombie (D:15)
  Urug (Lair:3)
  3 orc high priests
  A deep elf knight (Elf:1)
  Amaemon (D:11)
  A storm dragon zombie (D:15)
  Nergalle (D:11)
  Lodul (D:10)
  10 skeletal warriors
  2 deep elf archers (Elf:1)
  A golden dragon skeleton (D:15)
  A necromancer (D:15)
  6 orc knights
  A lindwurm (Lair:2)
  4 deep elf pyromancers
  9 deep elf zephyrmancers (Elf:1)
  4 orc sorcerers (Orc:2)
  A shadow dragon skeleton (D:15)
  9 ugly things
  4 cyclopes
  3 manticores
  4 oklob plants (Lair:3)
  7 elephants
  5 black mambas
  An orange demon (D:11)
  3 torpor snails
  2 gargoyles
  Psyche (D:10)
  A minotaur zombie (Gauntlet)
  13 cane toads
  A kobold demonologist (D:9)
  A rime drake (Lair:1)
  9 komodo dragons
  An unseen horror (D:12)
  A tengu conjurer (D:15)
  4 trolls
  A guardian mummy (D:15)
  Prince Ribbit (D:8)
  6 polar bears
  2 dream sheep (Lair:5)
  A tarantella (shapeshifter) (D:14)
  Grinder (D:3)
  A wolf spider simulacrum (D:14)
  6 hornets
  A blink frog (shapeshifter) (D:15)
  8 blink frogs
  A water elemental (Elf:1)
  A shadow (D:11)
  Sigmund (D:5)
  13 spriggans
  6 wraiths
  5 wyverns
  70 yaks
  4 basilisks
  7 humans (D:10)
  A steam dragon (D:9)
  21 vampire mosquitoes
  A warg (Orc:1)
  17 water moccasins
  2 ice beasts
  42 orc warriors
  4 black bears
  3 sky beasts
  6 centaurs
  21 ogres
  9 boggarts
  40 wolves
  A phantom (D:6)
  13 bullfrogs
  An earth elemental (Elf:1)
  A necrophage (D:3)
  A scorpion (D:5)
  A hornet simulacrum (D:14)
  3 wights (D:9)
  6 killer bees (D:8)
  4 electric eels
  22 orc priests
  3 gnoll boudas
  2 hounds
  Jessica (D:2)
  17 orc wizards
  Ijyb (D:5)
  Natasha (twice) (D:3)
  Terence (D:3)
  4 iguanas
  12 gnolls
  5 adders
  A shadow imp (D:8)
  A white imp (D:8)
  2 ufetubi (D:5)
  A worm (D:2)
  A dart slug (D:3)
  98 orcs
  7 ball pythons
  8 endoplasms
  6 giant cockroaches
  5 goblins
  2 hobgoblins (D:1)
  8 jackals
  5 quokkas
  2 bats
  7 frilled lizards
  4 kobolds
  4 rats
  3 bushes (Lair:2)
745 creatures vanquished.

Vanquished Creatures (collateral kills)
  A jelly (D:7)
  2 orc priests (D:7)
  An orc wizard (D:7)
  3 gnolls (D:7)
  3 orcs (D:7)
10 creatures vanquished.

Vanquished Creatures (others)
  A deep elf knight (Elf:1)
  An orc warrior (Elf:1)
  An orc priest (Elf:1)
  An orc wizard (Orc:2)
  2 jackals (D:10)
  119 foxfires
  23 fungi
  73 plants
  14 toadstools (Lair:2)
235 creatures vanquished.

Grand Total: 990 creatures vanquished

Notes
Turn   | Place    | Note
-------+----------+-------------------------------------------
     0 | D:1      | Reached skill level 10 in Unarmed Combat
     0 | D:1      | croobank the Gnoll Wanderer began the quest for the Orb.
     0 | D:1      | croobank set off with the following items: a +0 dagger, a
                  | scroll of blinking, 10 poisoned darts, a scroll of
                  | summoning, a potion of might, a +0 leather armour; and the
                  | following spell memorised: Sting; and the following spells
                  | available to memorise: Mephitic Cloud.
     0 | D:1      | Reached XP level 1. HP: 13/13 MP: 4/4
   243 | D:1      | Reached XP level 2. HP: 19/19 MP: 1/5
   717 | D:1      | Found a faded altar of an unknown god.
   901 | D:1      | Reached XP level 3. HP: 25/25 MP: 7/7
  1213 | D:2      | Noticed Jessica
  1217 | D:2      | Killed Jessica
  1218 | D:2      | Reached skill level 1 in Fighting
  1218 | D:2      | Reached skill level 1 in Short Blades
  1218 | D:2      | Reached skill level 1 in Long Blades
  1218 | D:2      | Reached skill level 1 in Axes
  1218 | D:2      | Reached skill level 1 in Maces & Flails
  1218 | D:2      | Reached skill level 1 in Polearms
  1218 | D:2      | Reached skill level 1 in Staves
  1218 | D:2      | Reached skill level 1 in Ranged Weapons
  1218 | D:2      | Reached skill level 1 in Armour
  1218 | D:2      | Reached skill level 1 in Dodging
  1218 | D:2      | Reached skill level 1 in Stealth
  1218 | D:2      | Reached skill level 1 in Shields
  1218 | D:2      | Reached skill level 1 in Invocations
  1218 | D:2      | Reached skill level 1 in Evocations
  1221 | D:2      | Reached XP level 4. HP: 28/32 MP: 8/8
  1582 | D:2      | Reached skill level 1 in Conjurations
  1582 | D:2      | Reached skill level 1 in Hexes
  1582 | D:2      | Reached skill level 1 in Summonings
  1582 | D:2      | Reached skill level 1 in Necromancy
  1582 | D:2      | Reached skill level 1 in Translocations
  1582 | D:2      | Reached skill level 1 in Transmutations
  1582 | D:2      | Reached skill level 1 in Fire Magic
  1582 | D:2      | Reached skill level 1 in Ice Magic
  1582 | D:2      | Reached skill level 1 in Air Magic
  1582 | D:2      | Reached skill level 1 in Earth Magic
  1638 | D:2      | Learned a level 3 spell: Mephitic Cloud
  2130 | D:3      | Noticed Grinder
  2137 | D:3      | Noticed Natasha
  2145 | D:3      | Killed Natasha
  2146 | D:3      | Reached XP level 5. HP: 24/37 MP: 9/9
  2147 | D:3      | Paralysed by Grinder for 5 turns
  2159 | D:3      | Killed Grinder
  2160 | D:3      | Reached skill level 5 in Throwing
  2160 | D:3      | Reached XP level 6. HP: 6/44 MP: 9/11
  2583 | D:3      | Identified the +0 pair of boots of Ruistrokk {-Tele *Slow
                  | rN+++ SInv}
  2602 | D:3      | Found Ipseunk's Antique Armour Shop.
  2605 | D:3      | Noticed Terence
  2605 | D:3      | Noticed Natasha
  2623 | D:3      | Killed Natasha
  2629 | D:3      | Killed Terence
  3027 | D:3      | Found a runed translucent door.
  3028 | D:3      | Noticed Crazy Yiuf
  3184 | D:3      | Reached XP level 7. HP: 19/51 MP: 10/12
  3539 | D:4      | Found Terchoulu's Magic Scroll Shop.
  3561 | D:4      | Bought a scroll of identify for 28 gold pieces
  3637 | D:4      | Found a staircase to the Ecumenical Temple.
  3671 | Temple   | Entered the Ecumenical Temple
  3803 | Temple   | Became a worshipper of Gozag Ym Sagoz the Greedy
  4188 | D:4      | Found Domisaoxt's Assorted Antiques.
  4195 | D:4      | Bought 3 scrolls labelled RIPOZA JYARR for 84 gold pieces
  4195 | D:4      | Bought a scroll labelled JYLLUN GIUCOM for 28 gold pieces
  4229 | D:4      | Found a shimmering altar of Xom.
  4230 | D:4      | Found a shimmering altar of Xom.
  4302 | D:5      | Entered Level 5 of the Dungeon
  4319 | D:5      | Noticed Ijyb
  4343 | D:5      | Killed Ijyb
  5072 | D:5      | Noticed Sigmund
  5114 | D:5      | Killed Sigmund
  5115 | D:5      | Reached XP level 8. HP: 21/58 MP: 8/14
  5739 | D:5      | Learned a level 1 spell: Foxfire
  5904 | D:6      | Found a broken altar of Ashenzari.
  5950 | D:6      | Reached skill level 11 in Unarmed Combat
  6425 | D:6      | Found a shadowy altar of Dithmenos.
  6699 | D:6      | Reached skill level 5 in Poison Magic
  7009 | D:6      | Found a white marble altar of Elyvilon.
  7311 | D:7      | Reached XP level 9. HP: 53/65 MP: 16/16
  7326 | D:7      | Reached skill level 5 in Spellcasting
  7591 | D:7      | Found an ornate altar of the Wu Jian Council.
  8023 | D:7      | Found a blossoming altar of Fedhas.
  8345 | D:8      | Noticed Prince Ribbit
  8345 | D:8      | Noticed Erica
  8370 | D:8      | Killed Prince Ribbit
  8370 | D:8      | Killed Erica
  8371 | D:8      | Reached skill level 5 in Invocations
  8847 | D:8      | Reached skill level 5 in Fighting
  8847 | D:8      | Reached skill level 5 in Short Blades
  8847 | D:8      | Reached skill level 5 in Long Blades
  8847 | D:8      | Reached skill level 5 in Axes
  8847 | D:8      | Reached skill level 5 in Maces & Flails
  8847 | D:8      | Reached skill level 5 in Polearms
  8847 | D:8      | Reached skill level 5 in Staves
  8847 | D:8      | Reached skill level 5 in Ranged Weapons
  8847 | D:8      | Reached skill level 5 in Armour
  8847 | D:8      | Reached skill level 5 in Dodging
  8847 | D:8      | Reached skill level 5 in Stealth
  8847 | D:8      | Reached skill level 5 in Shields
  8847 | D:8      | Reached skill level 5 in Evocations
  8847 | D:8      | Reached XP level 10. HP: 42/74 MP: 12/18
  9358 | D:8      | Found a hazy altar of Hepliaklqana.
  9358 | D:8      | Found a burning altar of Makhleb.
  9396 | D:8      | Identified the +0 pair of boots "Soakex" {rElec rF- rN++
                  | Int+2}
  9913 | D:9      | Found Zeptiusa's Book Boutique.
  9916 | D:9      | Bought Great Wizards, Vol. VII for 360 gold pieces
  9916 | D:9      | Bought a book of Dangerous Friends for 480 gold pieces
  9922 | D:9      | Found a flagged portal.
  9934 | D:9      | Learned a level 3 spell: Summon Guardian Golem
  9938 | D:9      | Learned a level 3 spell: Tukima's Dance
  9939 | Bailey   | Entered a bailey
 10078 | Bailey   | Identified a scroll of acquirement
 10078 | Bailey   | Acquired the +4 crystal plate armour of Resourcefulness
                  | {Slay+6}
 10876 | Bailey   | Noticed an orc knight
 10888 | Bailey   | Killed an orc knight
 10910 | Bailey   | Acquired a +0 cloak of willpower
 11062 | D:9      | Noticed a two-headed ogre
 11078 | D:9      | Reached skill level 12 in Unarmed Combat
 11079 | D:9      | Reached skill level 5 in Conjurations
 11079 | D:9      | Reached skill level 5 in Hexes
 11079 | D:9      | Reached skill level 5 in Summonings
 11079 | D:9      | Reached skill level 5 in Necromancy
 11079 | D:9      | Reached skill level 5 in Translocations
 11079 | D:9      | Reached skill level 5 in Transmutations
 11079 | D:9      | Reached skill level 5 in Fire Magic
 11079 | D:9      | Reached skill level 5 in Ice Magic
 11079 | D:9      | Reached skill level 5 in Air Magic
 11079 | D:9      | Reached skill level 5 in Earth Magic
 11079 | D:9      | Killed a two-headed ogre
 11080 | D:9      | Reached XP level 11. HP: 74/81 MP: 19/21
 11140 | D:9      | Identified the +6 spear of Ru's Benevolence {freeze, Fly
                  | rC+ Str+3 Stlth+}
 11524 | D:9      | Found a bloodstained altar of Trog.
 11953 | D:9      | Found a staircase to the Orcish Mines.
 12234 | D:10     | Entered Level 10 of the Dungeon
 12853 | D:10     | Found a runed translucent door.
 12853 | D:10     | Noticed a deep elf pyromancer
 12854 | D:10     | Noticed javelincjr's ghost (journeyman DrAE)
 12866 | D:10     | Noticed a two-headed ogre
 12872 | D:10     | Killed a two-headed ogre
 12917 | D:10     | Noticed Psyche
 12951 | D:10     | Killed Psyche
 13240 | D:11     | Noticed Amaemon
 13273 | D:11     | Noticed Nergalle
 13323 | D:11     | Noticed a spectral orc warlord
 13443 | D:11     | Killed Nergalle
 13444 | D:11     | Reached XP level 12. HP: 87/91 MP: 23/23
 13498 | D:11     | Noticed Lodul
 13644 | D:10     | Killed Lodul
 14081 | D:11     | Acquired the amulet "Kybbuoso" {Regen+ rCorr Str+5 Int-5
                  | Slay+5}
 14119 | D:11     | Killed Amaemon
 14154 | D:11     | Found a staircase to the Lair.
 14448 | Lair:1   | Entered Level 1 of the Lair of Beasts
 14701 | Lair:1   | Noticed a four-headed hydra
 15170 | Lair:1   | Killed a three-headed hydra
 15739 | Lair:2   | Noticed an eight-headed hydra
 15747 | Lair:2   | Killed a four-headed hydra
 15812 | Lair:2   | Reached skill level 13 in Unarmed Combat
 16154 | Lair:2   | Reached XP level 13. HP: 98/98 MP: 25/25
 16171 | Lair:2   | Found a staircase to the Swamp.
 16611 | Lair:2   | Noticed a dire elephant
 16631 | Lair:2   | Found a runed translucent door.
 16675 | Lair:2   | Killed a dire elephant
 16698 | Lair:2   | Identified the +1 ring mail "Pammeoh" {Contam rCorr SInv}
 17775 | D:4      | Bought a scroll of identify for 28 gold pieces
 17775 | D:4      | Bought a scroll of fear for 56 gold pieces
 17779 | D:4      | Bought a scroll of acquirement for 728 gold pieces
 17779 | D:4      | Bought a scroll of teleportation for 42 gold pieces
 17779 | D:4      | Bought a scroll of vulnerability for 56 gold pieces
 17779 | D:4      | Bought a scroll of teleportation for 42 gold pieces
 17779 | D:4      | Bought a scroll of vulnerability for 56 gold pieces
 17797 | D:4      | Acquired the ring of the Uplifting Madman {EV+4 Str+3}
 18012 | Lair:3   | Noticed Urug
 18020 | Lair:3   | Killed Urug
 18360 | Lair:3   | Reached skill level 10 in Throwing
 18653 | Lair:3   | Found a staircase to the Snake Pit.
 19612 | Lair:5   | Entered Level 5 of the Lair of Beasts
 19649 | Lair:5   | Noticed Josephine
 19655 | Lair:4   | Reached XP level 14. HP: 87/108 MP: 27/27
 19658 | Lair:4   | Reached skill level 10 in Invocations
 19761 | Lair:5   | Killed Josephine
 20137 | Lair:5   | Reached skill level 10 in Spellcasting
 20529 | Lair:4   | Reached skill level 14 in Unarmed Combat
 20569 | Lair:5   | Noticed Snorg
 20799 | Lair:5   | Killed Snorg
 20980 | Lair:5   | Reached skill level 10 in Fighting
 20980 | Lair:5   | Reached skill level 10 in Short Blades
 20980 | Lair:5   | Reached skill level 10 in Long Blades
 20980 | Lair:5   | Reached skill level 10 in Axes
 20980 | Lair:5   | Reached skill level 10 in Maces & Flails
 20980 | Lair:5   | Reached skill level 10 in Polearms
 20980 | Lair:5   | Reached skill level 10 in Staves
 20980 | Lair:5   | Reached skill level 10 in Ranged Weapons
 20980 | Lair:5   | Reached skill level 10 in Armour
 20980 | Lair:5   | Reached skill level 10 in Dodging
 20980 | Lair:5   | Reached skill level 10 in Stealth
 20980 | Lair:5   | Reached skill level 10 in Shields
 20980 | Lair:5   | Reached skill level 10 in Evocations
 21249 | Lair:5   | Found a staircase to the Slime Pits.
 21249 | Lair:5   | Found a viscous altar of Jiyva.
 21328 | Lair:5   | Reached XP level 15. HP: 115/115 MP: 29/29
 22054 | Orc:1    | Entered Level 1 of the Orcish Mines
 22194 | Orc:1    | Noticed an orc warlord
 22258 | D:9      | Killed an orc warlord
 22542 | Orc:1    | Noticed an orc warlord
 22943 | D:9      | Killed an orc warlord
 23272 | Orc:2    | Entered Level 2 of the Orcish Mines
 23547 | Orc:2    | Found a staircase to the Elven Halls.
 23671 | Orc:2    | Noticed an orc warlord
 23981 | Orc:2    | Killed an orc warlord
 24038 | Orc:2    | Found Durutown's Antique Armour Shoppe.
 24046 | Orc:2    | Found Loeff's General Store.
 24086 | Orc:2    | Bought a scroll of teleportation for 48 gold pieces
 24102 | Orc:2    | Bought a glowing kite shield for 307 gold pieces
 24395 | Orc:2    | Found Gimecs's Book Shoppe.
 24493 | Orc:2    | Found Natzevap's Antique Weapon Shoppe.
 25430 | D:12     | Found a shimmering blue altar of Sif Muna.
 25642 | D:12     | Found a portal to a secret trove of treasure.
 26333 | D:13     | Found a gate to the Vaults.
 26933 | D:13     | Reached skill level 10 in Poison Magic
 27180 | D:14     | Reached XP level 16. HP: 124/124 MP: 31/31
 27967 | D:14     | Acquired the ring "Epsejia" {rN+ Str+7 Int+4 Dex-3}
 28331 | D:15     | Entered Level 15 of the Dungeon
 28638 | D:15     | Reached skill level 15 in Unarmed Combat
 28660 | D:15     | Found a gate leading to a gauntlet.
 28739 | Gauntlet | Entered a Gauntlet
 28739 | Gauntlet | Found a transporter.
 28739 | Gauntlet | Found a transporter.
 28744 | Gauntlet | Found a runed translucent door.
 28745 | Gauntlet | Found a transporter.
 28746 | Gauntlet | Found a runed translucent door.
 28748 | Gauntlet | Found a transporter.
 28751 | Gauntlet | Found a transporter.
 28751 | Gauntlet | Found a transporter.
 28768 | Gauntlet | Found a transporter.
 28810 | Gauntlet | Found a transporter.
 28813 | Gauntlet | Found a transporter.
 28813 | Gauntlet | Found a transporter.
 28828 | Gauntlet | Found a transporter.
 28843 | Gauntlet | Found a transporter.
 28853 | Gauntlet | Found a transporter.
 28870 | Gauntlet | Found a transporter.
 28980 | Gauntlet | Identified the ring "Ymoselap" {Wiz Int+8}
 29031 | Gauntlet | Identified the +3 shortbow "Qoliz" {vorpal, Str+7}
 29053 | Gauntlet | Identified the +3 scale mail of Weak Leaves {rN++ Dex-2}
 29199 | D:15     | Found a staircase to the Depths.
 29508 | D:15     | Found a hazy altar of Hepliaklqana.
 29981 | Orc:2    | Bought the ring "Qabloge" {rElec rPois rF+ Will+ Slay+2}
                  | for 972 gold pieces
 29988 | Elf:1    | Entered Level 1 of the Elven Halls
 30491 | Elf:1    | Slain by a +2 dire flail of venom

Illustrated notes

Levels and vault maps discovered:
D:1:      psy_arrival_whirlpool, layout_loops_corners,
          shapermc_ecumenical_altar_mp_ritualfount, minmay_misc_feat_chi
D:2:      layout_rooms, chequers_serial_rivers_micro_d, uniq_jessica
D:3:      layout_loops_ring, serial_shops, shop, serial_bayou_lagoon_a,
          uniq_grinder, uniq_crazy_yiuf_cottage, uniq_natasha, uniq_terence
D:4:      layout_rooms, xom_redecorated, minmay_temple_entry_crystal_x,
          serial_shops, shop, nicolae_shop_trees
D:5:      layout_rooms, uniq_ijyb, uniq_sigmund
D:6:      layout_rooms, mainiacjoe_overflow_catwalk,
          nicolae_ashenzari_panopticon, nicolae_dithmenos_through_a_glass_darkly
D:7:      layout_gridville, nzn_wu_jian_council_hall, fedhas_altar_fruit_tree
D:8:      layout_basic, jmf_multi_god_temple, uniq_prince_ribbit1, uniq_erica
D:9:      layout_basic, mainiacjoe_overflow_concentric_impassable, david_orc_5,
          enter_bailey_8, serial_shops, shop, supply_closet_lemuel
D:10:     erik_cavepeople, layout_rooms, ebering_ghost_inner_flame
D:11:     layout_rooms, lair_entry_dummy, serial_rivers,
          chequers_serial_rivers_small_3, chequers_serial_rivers_small_3,
          chequers_serial_rivers_marsh, chequers_serial_rivers_room_a,
          chequers_serial_rivers_large_a, uniq_nergalle, uniq_lodul,
          uniq_amaemon
D:12:     layout_basic, nicolae_trove_entry_crossroad,
          nicolae_sif_muna_little_library
D:13:     layout_long_grid, erik_vaults_1, kennysheep_nondescript
D:14:     layout_stronghold, serial_bayou_pond_d
D:15:     gammafunk_depths_entry_grave, layout_cave_pools,
          nzn_hepliaklqana_mist_gate, gauntlet_entry_generic,
          dreamdust_mushroom_princess
Temple:   nicolae_temple_figure_eight
Lair:1:   layout_chaotic_city
Lair:2:   gammafunk_lair_enchanted_lake, layout_small_grid,
          minmay_swamp_entry_swarm, wad_woods_06, st_stairs_3,
          lemuel_fruit_fields
Lair:3:   minmay_lair_oklob_chamber, layout_gridlike, dummy_snake_entry,
          beast_lair_carwin_11, uniq_urug
Lair:4:   layout_small_grid, grunt_megastairs_4, infiniplex_staircase_pool
Lair:5:   minmay_lair_end_enchanted_forest, layout_long_grid, slime_entry_1,
          grunt_megastairs_2, infiniplex_staircase_pool_2, uniq_josephine,
          uniq_snorg
Orc:1:    layout_caves, mines2_david
Orc:2:    grunt_orc_cross, layout_diamond_mine
Elf:1:    eino_elf_arrival_the_gate, layout_loops_cross, orc_legates

Skill      XL: |  1  2  3  4  5  6  7  8  9 10 11 12 13 14 15 16 |
---------------+-------------------------------------------------+-----
Unarmed Combat | 11 12 13 14 15 | 15.2
Fighting       | 1 2 3 5 6 7 8 9 10 11 | 11.5
Short Blades   | 1 2 3 5 6 7 8 9 10 11 | 11.5
Long Blades    | 1 2 3 5 6 7 8 9 10 11 | 11.5
Axes           | 1 2 3 5 6 7 8 9 10 11 | 11.5
Maces & Flails | 1 2 3 5 6 7 8 9 10 11 | 11.5
Polearms       | 1 2 3 5 6 7 8 9 10 11 | 11.5
Staves         | 1 2 3 5 6 7 8 9 10 11 | 11.5
Ranged Weapons | 1 2 3 5 6 7 8 9 10 11 | 11.5
Armour         | 1 2 3 5 6 7 8 9 10 11 | 11.5
Dodging        | 1 2 3 5 6 7 8 9 10 11 | 11.5
Stealth        | 1 2 3 5 6 7 8 9 10 11 | 11.5
Shields        | 1 2 3 5 6 7 8 9 10 11 | 11.5
Invocations    | 1 2 3 4 5 6 7 8 9 10 11 12 | 12.5
Evocations     | 1 2 3 5 6 7 8 9 10 11 | 11.5
Spellcasting   | 3 4 5 6 7 8 9 10 11 | 11.9
Conjurations   | 1 2 3 4 5 6 7 8 9 |  9.7
Hexes          | 1 2 3 4 5 6 7 8 9 |  9.7
Summonings     | 1 2 3 4 5 6 7 8 9 |  9.7
Necromancy     | 1 2 3 4 5 6 7 8 9 |  9.7
Translocations | 1 2 3 4 5 6 7 8 9 |  9.7
Transmutations | 1 2 3 4 5 6 7 8 9 |  9.7
Fire Magic     | 1 2 3 4 5 6 7 8 9 |  9.7
Ice Magic      | 1 2 3 4 5 6 7 8 9 |  9.7
Air Magic      | 1 2 3 4 5 6 7 8 9 |  9.7
Earth Magic    | 1 2 3 4 5 6 7 8 9 |  9.7
Throwing       | 5 6 7 8 9 10 11 12 | 12.4
Poison Magic   | 4 5 6 7 8 9 10 | 10.5

Action                   |  1- 3 |  4- 6 |  7- 9 | 10-12 | 13-15 | 16-18 || total
-------------------------+-------+-------+-------+-------+-------+-------++-------
Melee: Dagger            |    27 |       |       |       |       |       ||    27
       Unarmed           |    29 |    94 |   215 |    87 |       |       ||   425
       Bite              |     3 |     6 |    25 |    53 |   190 |    67 ||   344
       Punch             |     1 |     3 |    14 |    36 |    15 |       ||    69
       Spear             |       |       |       |   239 |   515 |       ||   754
       Scimitar          |       |       |       |    64 |   550 |   342 ||   956
       Demon whip        |       |       |       |       |    87 |    84 ||   171
Throw: Throwing net      |       |       |       |     3 |       |       ||     3
 Cast: Sting             |    19 |     9 |     4 |       |       |       ||    32
       Mephitic Cloud    |       |     3 |    35 |     5 |       |       ||    43
       Foxfire           |       |       |    61 |     6 |       |       ||    67
       Tukima's Dance    |       |       |       |     1 |       |       ||     1
       Summon Guardian G |       |       |       |     1 |       |       ||     1
Invok: Potion Petition   |       |       |       |       |       |     1 ||     1
       Call Merchant     |       |       |       |       |       |     1 ||     1
Evoke: Wand              |       |     7 |     4 |    13 |    14 |     2 ||    40
       Condenser vane    |       |       |       |       |     4 |       ||     4
       Tin of tremorston |       |       |       |       |     2 |       ||     2
  Use: Potion            |       |     1 |     4 |     3 |     4 |     5 ||    17
       Scroll            |       |       |     7 |    20 |    13 |     4 ||    44
 Stab: Sleeping          |       |     1 |       |       |       |       ||     1
       Confused          |       |       |    11 |     4 |       |       ||    15
       Distracted        |       |       |     2 |     1 |     2 |       ||     5
       Held in net/web   |       |       |       |     2 |       |       ||     2
       Invisible         |       |       |       |       |       |     6 ||     6
Armor: Leather armour    |    19 |    27 |    37 |     4 |       |       ||    87
       Crystal plate arm |       |       |       |   217 |   663 |   345 ||  1225
       Skin              |       |       |       |     8 |       |       ||     8
Dodge: Dodged            |    36 |    44 |   102 |    88 |   431 |   170 ||   871
Block: Buckler           |       |       |       |       |   236 |       ||   236
       Kite shield       |       |       |       |       |   104 |   415 ||   519
